Arven, chaotic female elven Ranger ------- |.>...| --------- |.....| -------- #........| #-.....| |......| ###|.......| ###|.....| #-......| # |.......| # -.----- ###|......| ### ------.-- ### ### # --|----- # ##### ---------# # ### ## # # |.<.....|# ## # ##q# # ## |.......|# --.-- ### #-q----------# -.---- |........# |..{| # #|.@........|# |....-#%# # |.......| |....########## #|..`........# |....| [ -|------ --------- |...| #|..........| |....| #%# |......| |...| #|..........| |....|####%%%-%)%%%.| |..`.##################------------ |....|# ###|.(....| ----- ------# #.......| ######### -------- Arven the Trailblazer Experience level: 6 Strength: 15 Dexterity: 11 Constitution: 14 Intelligence: 15 Wisdom: 15 Charisma: 7 Health: 0(35) Energy: 43(43) AC: 9 Gold: 451 Moves: 1269 Your Inventory: Coins $ - 451 gold pieces Weapons a - an uncursed +2 elven dagger (weapon in hand) b - an uncursed +1 elven bow (alternate weapon; not wielded) c - 38 uncursed +2 elven arrows d - 27 uncursed +0 elven arrows (in quiver) g - an [uncursed +0] single-edged polearm [glaive] o - an [uncursed -3] crude dagger [orcish] u - 37 [uncursed +0] darts Armor p - an [uncursed] +0 iron skull cap [orcish helm] (being worn) s - an [uncursed +0] iron skull cap [orcish helm] Comestibles f - 6 uncursed lembas wafers k - an [uncursed] carrot l - 2 [uncursed] lichen corpses t - an [uncursed] food ration z - an [uncursed] tripe ration Scrolls m - a [blessed] scroll labeled GNIK SISI VLE [of magic mapping] Potions v - a [cursed] icy potion [of invisibility] Rings n - a [blessed +1] sapphire ring [of gain strength] x - an [uncursed -3] diamond ring [of protection] Tools y - an [uncursed tallow] candle Spells known in the end: Name Level Category Fail Memory Your skills at the end: Fighting Skills Weapon Skills dagger [Basic / Expert] bow [Basic / Expert] Spellcasting Skills Final Attributes: You were devoutly aligned. Hunger level was 386. Your alignment was 15 / 16. Monster difficulty range was 0 - 5. Level difficulty was 5. You were immune to sleep. You saw invisible. You had automatic searching. You had infravision. Your luck was zero. You are dead. Vanquished creatures: 6 bugbears 3 gnome lords a gnomish wizard 2 giant ants a floating eye a kitten a rothe an iguana a large kobold 4 hobgoblins a giant rat a green mold 3 gnomes a gecko 3 jackals a kobold 4 goblins a sewer rat 4 grid bugs a bat 2 lichens a kobold zombie 2 newts 46 creatures vanquished. Voluntary challenges: You were an atheist. You followed a strict vegan diet. You used a wielded weapon 21 times. You read items or engraved 4 times. You put on armor 2 times. You never genocided any monsters. You never polymorphed an object. You never changed form. You used no wishes. You never wrote Elbereth's name. You never encountered a bones level. You never used any Sokoban shortcuts. Dungeon overview: The Dungeons of Doom: levels 1 to 5 Level 1 a fountain a long staircase Level 2 a fountain, some sinks Level 4 a general store, an altar to Mars, a sink Level 5 <- You were here a fountain, a throne History has recorded: On T:1 you entered the Dungeons of Doom to retrieve the Amulet of Yendor! On T:241 you reached level 2 of The Dungeons of Doom. On T:325 you advanced to experience level 2. On T:542 you reached level 3 of The Dungeons of Doom. On T:632 you advanced to experience level 3. On T:684 you reached level 4 of The Dungeons of Doom. On T:732 you advanced to experience level 4. On T:789 you reached level 5 of The Dungeons of Doom. On T:1050 you advanced to experience level 5. On T:1087 you advanced to experience level 6. Latest messages: Never mind. The water nymph charms you. You gladly hand over your cloak. You sure are noisy. She stole an uncursed +2 elven cloak. [HP+1=28] [HP+1=29] The water nymph stole a scroll of light. [HP+1=30] You see here a statue of a garter snake. The rothe hits! The rothe bites! (2x) [HP-9=21] The rothe hits! The rothe bites! (2x) [HP-7=14] The rothe hits! The rothe bites! (2x) [HP-7=7] The rothe hits! The rothe just misses! The rothe bites! You die... Final status: Goodbye Arven the Ranger... You died in The Dungeons of Doom on dungeon level 5 with 606 points, and 451 pieces of gold, after 1269 moves. You were level 6 with a maximum of 35 hit points when you died.